 Dungeon Crawl Stone Soup version 0.26-a0-651-gb41185065b (webtiles) character file.

Game seed: 8721124697589476018

2659 Irenicus the Cleaver (level 9, -4/75 HPs)
             Began as a Deep Dwarf Gladiator on Oct 3, 2020.
             Was an Initiate of Makhleb.
             Slain by a two-headed ogre
             ... wielding a +0 giant spiked club
              (16 damage)
             ... on level 8 of the Dungeon.
             The game lasted 00:34:56 (4052 turns).

Irenicus the Cleaver (Deep Dwarf Gladiator)         Turns: 4052, Time: 00:34:56

Health: -4/75      AC:  9    Str: 19    XL:     9   Next: 36%
Magic:  7/7        EV: 12    Int:  8    God:    Makhleb [......]
Gold:   464        SH:  0    Dex: 17    Spells: 7/8 levels left

rFire    . . .     SeeInvis .   a - +0 war axe
rCold    + . .     Faith    .   (no shield)
rNeg     . . .     Spirit   .   K - +2 ring mail {rC+}
rPois    .         Reflect  .   c - +0 helmet
rElec    .         Harm     .   (no cloak)
rCorr    +         Rampage  .   (no gloves)
MR       +....                  k - +0 pair of boots
Stlth    +.........             L - amulet of magic regeneration
HPRegen  0.00/turn              f - +4 ring of slaying
MPRegen  0.35/turn              m - ring of resist corrosion

@: stab, very slightly contaminated, non-regenerating, invisible
A: damage resistance, heal wounds, sense surroundings 2, no regeneration
a: Heal Wounds, Renounce Religion


You were on level 8 of the Dungeon.
You worshipped Makhleb.
Makhleb was noncommittal.
You visited 2 branches of the dungeon, and saw 9 of its levels.

You collected 464 gold pieces.

Inventory:

Hand Weapons
 a - a +0 war axe (weapon)
 b - a +4 vorpal flail
   (You took it off an orc on level 3 of the Dungeon)
 q - a +4 spear
   (You found it on level 2 of the Dungeon)
 B - a +0 hunting sling
   (You found it on level 6 of the Dungeon)
Missiles
 d - 3 throwing nets {=f, !d}
 p - 8 boomerangs (quivered)
 z - 18 poisoned darts
Armour
 c - a +0 helmet (worn)
 k - a +0 pair of boots (worn)
   (You found it on level 1 of the Dungeon)
 r - a +1 chain mail of poison resistance
   (You took it off an orc warrior on level 7 of the Dungeon)
 v - a +1 ring mail of fire resistance
   (You found it on level 3 of the Dungeon)
 K - a +2 ring mail of cold resistance (worn)
   (You found it on level 7 of the Dungeon)
Jewellery
 e - an uncursed ring of teleportation {+/*tele, !d}
   (You found it on level 4 of the Dungeon)
 f - a +4 ring of slaying (left hand)
   (You found it on level 1 of the Dungeon)
 h - an uncursed ring of stealth {Stlth+}
   (You found it on level 6 of the Dungeon)
 m - a ring of resist corrosion (right hand)
   (You found it on level 6 of the Dungeon)
 F - an uncursed ring of ice {rC+, rF-}
   (You found it on level 6 of the Dungeon)
 L - an amulet of magic regeneration (around neck)
   (You found it on level 8 of the Dungeon)
Wands
 l - a wand of enslavement (14)
   (You found it on level 5 of the Dungeon)
 A - a wand of random effects (4)
   (You found it on level 5 of the Dungeon)
 D - a wand of digging (4)
   (You found it on level 6 of the Dungeon)
 G - a wand of iceblast (9)
   (You found it on level 8 of the Dungeon)
Scrolls
 i - 3 scrolls of immolation {!r}
 j - 3 scrolls of blinking {!r}
 n - 2 scrolls of fog
 s - 4 scrolls of remove curse
 y - a scroll of identify
 C - a scroll of teleportation
 H - a scroll of random uselessness {unknown}
 I - a scroll of fear {unknown}
Potions
 g - a potion of haste
 o - 2 potions of mutation {!q}
 t - a potion of brilliance
 u - 2 potions of curing
 x - a potion of berserk rage {!q}


   Skills:
 - Level 3.0 Fighting
 + Level 12.8 Axes
 - Level 1.7 Throwing
 - Level 3.2 Dodging
 - Level 3.0 Translocations
 - Level 4.1 Evocations


You had 7 spell levels left.
You knew the following spells:

 Your Spells              Type           Power        Failure   Level
g - Apportation           Tloc           #.....       22%         1

Your spell library contained the following spells:

 Spells                   Type           Power        Failure   Level
 Animate Skeleton         Necr           #.....       58%         1
 Corona                   Hex            #......      58%         1
 Summon Small Mammal      Summ           #...         58%         1


Dungeon Overview and Level Annotations

Branches:
Dungeon (8/15)             Temple (1/1) D:7
   Lair: D:8-11

Altars:
Ashenzari
Cheibriados
Dithmenos
Elyvilon
Fedhas
Gozag
Kikubaaqudgha
Makhleb
Nemelex Xobeh
Ru
Sif Muna
Trog
Uskayaw
Vehumet
Wu Jian
Xom
Yredelemnul
The Shining One

Shops:
D:5 }

Annotations:
D:8 2 transporters, melvinkitnick's ghost, novice OgEE


Innate Abilities, Weirdness & Mutations

You are resistant to damage.
You can heal yourself by infusing magical energy.
You passively map the area around you.
You do not regenerate.


Message History

You now have 5/7 mp.
L - a small filigree amulet You now have 464 gold pieces (gained 17).
You start putting on your amulet.
You continue putting on your small filigree amulet. x5
You finish putting on your uncursed amulet of magic regeneration.
The amulet cannot attune itself to your exhausted body.
L - an amulet of magic regeneration (around neck)
Found a stone staircase leading up.
Your amulet attunes itself to your body and you begin to regenerate magic more quickly.
MP restored: 7 A worker ant zombie comes into view.
Found a stone staircase leading down.
You slash the worker ant zombie!
The worker ant zombie is severely damaged.
The worker ant zombie closely misses you.
You barely miss the worker ant zombie.
The worker ant zombie is severely damaged.
The worker ant zombie bites you but does no damage.
You slice the worker ant zombie!!
You destroy the worker ant zombie!
Makhleb accepts your kill.
You open the door.
A hound, a hippogriff and a scorpion come into view.
The hippogriff screeches!
The hound barks!
You hear two shouts!
You hear a bark!
The hound bites you but does no damage.
You barely miss the hound. The hound barely misses you.
You fade into invisibility!
A two-headed ogre comes into view.
It is wielding a +0 giant spiked club and a +0 giant club.
The hound barely misses you.
You are very lightly contaminated with residual magic.
You slash the hound!
You kill the hound!
Makhleb accepts your kill.
A hound comes into view.
You are confused.
You feel invigorated. The hippogriff misses you.
The hippogriff barely misses you. The hippogriff claws you.
You regained 5 hp, and now have 17/75 hp.
The two-headed ogre shouts in stereo!
You regained 4 hp, and now have 21/75 hp.
The two-headed ogre shouts in stereo!
You regained 4 hp, and now have 25/75 hp.
You're too confused to move!
The two-headed ogre shouts in stereo!
The hippogriff closely misses you.
The hippogriff pecks you but does no damage.
The hippogriff closely misses you.
An adder zombie comes into view.
You regained 5 hp, and now have 30/75 hp.
You bump into the stone wall.
The two-headed ogre shouts in stereo!
The hippogriff bites you. The hippogriff pecks you!
The hippogriff claws you but does no damage.
You take 3 damage, and have 27/75 hp.
You slash the hippogriff!
The hippogriff is moderately wounded.
The two-headed ogre shouts in stereo!
The hippogriff bites you but does no damage.
The hippogriff closely misses you. The hippogriff completely misses you.
You regained 4 hp, and now have 31/75 hp.
You bump into the stone wall.
The two-headed ogre shouts in stereo!
You regained 5 hp, and now have 36/75 hp.
You slash the two-headed ogre!
The two-headed ogre is lightly wounded.
The two-headed ogre misses you.
The two-headed ogre hits you with a +0 giant club!
You take 6 damage, and have 30/75 hp.
You feel ready to backstab.
The two-headed ogre hits you with a +0 giant spiked club!!
* * * LOW HITPOINT WARNING * * *
The two-headed ogre completely misses you.
You hear a shout!
You take 23 damage, and have 7/75 hp.
MASSIVE DAMAGE!!
You feel less invigorated.
You feel less confused.
The hound pauses to sniff the ground.
You regained 5 hp, and now have 12/75 hp.
A white imp comes into view.
The two-headed ogre barely misses you. x2
You slash the two-headed ogre!
The two-headed ogre is moderately wounded.
The helpless two-headed ogre fails to defend itself.
You hit the two-headed ogre.
The two-headed ogre is heavily wounded.
The two-headed ogre misses you. The two-headed ogre closely misses you.
The helpless two-headed ogre fails to defend itself.
You slash the two-headed ogre!
The two-headed ogre is heavily wounded.
The helpless white imp fails to defend itself.
You slash the white imp!
You kill the white imp!
Makhleb accepts your kill.
The helpless two-headed ogre fails to defend itself.
You slash the two-headed ogre!
The two-headed ogre is almost dead.
The two-headed ogre hits you with a +0 giant spiked club!
You die...

#......##,##........'..
#.......# #.......#.#..
#....#.##,##.#.........
#...#### ####........ *
#..##, ,,.. ##......#
#...#### Z# *#....##.#
#.###..#.##s#
,#...####..
#...>....OH.#,
..#...##.#
#...#.##@##$# .......(.
#...#.##..# #
,.....#.## * *
**#..,#+##...# **.#.#
#. * , ,+.. , .......,,
.. , ..* *#. ......##.#
, ### *, #.........#*.#
,*** , * ........# ,#*
** *, , ........# * ,,,
, .......## ** * *


You could see a two-headed ogre, a hippogriff, a scorpion and an adder zombie
(wandering).

Vanquished Creatures
  Prince Ribbit (D:5)
  2 hippogriffs (D:7)
  A water moccasin (D:6)
  An ice beast (D:6)
  2 orc warriors (D:7)
  A sky beast (D:5)
  An ogre (D:3)
  A centaur (D:7)
  3 bullfrogs (D:6)
  A wyvern zombie (D:6)
  6 scorpions
  A killer bee (D:7)
  A wight (D:6)
  A howler monkey (D:4)
  A bullfrog zombie (D:7)
  3 hounds
  2 bullfrog skeletons
  A jelly (D:7)
  An orc priest (D:7)
  3 orc wizards
  An iguana (D:4)
  7 worker ants
  A hound zombie (D:6)
  A hound skeleton (D:8)
  A howler monkey zombie (D:8)
  A worker ant zombie (D:8)
  3 gnolls (D:8)
  5 adders
  A shadow imp (D:6)
  2 white imps
  2 oozes
  2 adder skeletons
  3 worms
  A dart slug (D:2)
  10 leopard geckos
  19 orcs
  A ball python (D:1)
  4 giant cockroaches
  6 goblins
  8 hobgoblins
  8 kobolds
  4 quokkas
  2 bats
  3 frilled lizards
  A leopard gecko zombie (D:6)
  6 rats
  A butterfly (D:5)
138 creatures vanquished.

Vanquished Creatures (others)
  A gnoll (D:8)
  2 plants (D:7)
3 creatures vanquished.

Grand Total: 141 creatures vanquished

Notes
Turn   | Place    | Note
-------+----------+-------------------------------------------
     0 | D:1      | Irenicus the Deep Dwarf Gladiator began the quest for the
                  | Orb.
     0 | D:1      | Reached XP level 1. HP: 19/19 MP: 1/1
   136 | D:1      | Reached XP level 2. HP: 26/26 MP: 2/2
   170 | D:1      | Reached skill level 4 in Axes
   404 | D:2      | Reached XP level 3. HP: 23/32 MP: 3/3
   660 | D:2      | Reached skill level 5 in Axes
   720 | D:2      | Learned a level 1 spell: Apportation
   913 | D:3      | Reached skill level 1 in Translocations
   924 | D:3      | Noticed an ogre
   927 | D:3      | HP: 7/32 [ogre/+0 giant spiked club (16)]
   934 | D:3      | Killed an ogre
   934 | D:3      | Reached skill level 2 in Translocations
   934 | D:3      | Reached XP level 4. HP: 15/39 MP: 4/4
   934 | D:3      | Reached XP level 5. HP: 17/45 MP: 5/5
  1063 | D:3      | Reached skill level 3 in Translocations
  1186 | D:3      | Reached skill level 6 in Axes
  1204 | D:3      | Found an ancient bone altar of Kikubaaqudgha.
  1205 | D:3      | Found an opulent altar of Gozag.
  1285 | D:3      | HP: 11/45 [goblin/stone (5)]
  1331 | D:4      | Found a blossoming altar of Fedhas.
  1333 | D:4      | Noticed a centaur
  1475 | D:4      | Reached XP level 6. HP: 33/52 MP: 6/6
  1563 | D:4      | Reached skill level 7 in Axes
  1714 | D:5      | Entered Level 5 of the Dungeon
  1725 | D:5      | Noticed a sky beast
  1738 | D:5      | Killed a sky beast
  1738 | D:5      | Reached skill level 8 in Axes
  1738 | D:5      | Reached XP level 7. HP: 33/58 MP: 7/7
  1811 | D:5      | Found a snail-covered altar of Cheibriados.
  1812 | D:5      | Found a sacrificial altar of Ru.
  1812 | D:5      | Found an ornate altar of the Wu Jian Council.
  1813 | D:5      | Found a broken altar of Ashenzari.
  1814 | D:5      | Found a basalt altar of Yredelemnul.
  1815 | D:5      | Found a sparkling altar of Nemelex Xobeh.
  2185 | D:5      | Reached skill level 9 in Axes
  2197 | D:5      | Noticed Prince Ribbit
  2212 | D:5      | Killed Prince Ribbit
  2291 | D:5      | Found a shimmering altar of Xom.
  2294 | D:5      | Found Odwelaxu's Gadget Shoppe.
  2436 | D:5      | Found a radiant altar of Vehumet.
  2436 | D:5      | Found a shadowy altar of Dithmenos.
  2519 | D:6      | Reached skill level 10 in Axes
  2596 | D:6      | HP: 12/58 [scorpion (4)]
  2597 | D:6      | Reached XP level 8. HP: 14/66 MP: 8/8
  2696 | D:6      | HP: 11/66 [bullfrog (3)]
  2701 | D:6      | HP: 8/66 [bullfrog (3)]
  2741 | D:6      | Reached skill level 2 in Evocations
  2794 | D:7      | HP: 9/66 [orc warrior/+0 glaive (20)]
  2801 | D:7      | HP: 15/66 [orc warrior/+0 glaive (14)]
  2805 | D:7      | HP: 7/66 [orc warrior/+0 glaive (7)]
  2807 | D:7      | Reached skill level 4 in Evocations
  2846 | D:6      | HP: 8/66 [bullfrog (4)]
  2849 | D:6      | Reached skill level 2 in Fighting
  3003 | D:6      | HP: 8/67 [wyvern zombie (5)]
  3191 | D:6      | Reached skill level 3 in Fighting
  3191 | D:6      | Reached skill level 11 in Axes
  3263 | D:7      | HP: 7/69 [worker ant (5)]
  3264 | D:7      | HP: 2/69 [worker ant (5)]
  3310 | D:7      | HP: 10/69 [centaur/arrow (8)]
  3317 | D:7      | HP: 3/69 [centaur (3)]
  3392 | D:7      | Found a staircase to the Ecumenical Temple.
  3400 | Temple   | Entered the Ecumenical Temple
  3416 | Temple   | Became a worshipper of Makhleb the Destroyer
  3551 | D:7      | HP: 7/69 [orc priest/divine providence (12)]
  3571 | D:7      | HP: 12/69 [orc warrior/+0 long sword (15)]
  3572 | D:7      | Gained mutation: You passively map the area around you.
                  | [Deep Dwarf growth]
  3572 | D:7      | Reached XP level 9. HP: 13/75 MP: 6/8
  3602 | D:7      | HP: 11/75 [bullfrog zombie (2)]
  3630 | D:7      | HP: 7/75 [hippogriff (4)]
  3633 | D:7      | Reached skill level 12 in Axes
  3823 | D:8      | HP: 16/75 [gnoll/+0 halberd (12)]
  3833 | D:8      | Noticed melvinkitnick's ghost (novice OgEE)
  3833 | D:8      | Identified the cursed +3 dire flail "Newt's Nightmare"
                  | {antimagic, rN+ Dex+5 Stlth-}
  3833 | D:8      | Noticed a two-headed ogre
  3845 | D:8      | Found a transporter.
  3849 | D:8      | Found a transporter.
  3857 | D:8      | HP: 12/75 [worker ant (4)]
  4035 | D:8      | Noticed a two-headed ogre
  4045 | D:8      | HP: 7/75 [two-headed ogre/+0 giant spiked club (28)]
  4052 | D:8      | Slain by a two-headed ogre

Illustrated notes

Levels and vault maps discovered:
D:1:      lemuel_arrival_hallway, layout_basic
D:2:      layout_loops_ring, nrook_campfire
D:3:      layout_loops_cross, gammafunk_temple_overflow_statue
D:4:      layout_loops_corners, fedhas_bush_and_centaur_altar
D:5:      layout_loops_ring, xom_butterflies, gammafunk_temple_overflow_wave,
          grunt_temple_overflow_open, serial_shops, shop, grunt_ministairs_13,
          uniq_prince_ribbit1
D:6:      minmay_razor_zed, layout_layer_cave, kennysheep_generic_room_14,
          uniq_eustachio
D:7:      cheibrodos_helix_gallery, layout_cave_pods,
          minmay_temple_entry_overgrown, serial_park_tiny_1
D:8:      minmay_slanted_spiral_squares, layout_basic, gammafunk_ghost_smash,
          minmay_fractal_squares_gapless_5, uniq_harold
Temple:   compressed_dpeg_circular_temple

Skill      XL: |  1  2  3  4  5  6  7  8  9 |
---------------+----------------------------+-----
Axes           | 4 5 6 8 10 11 12 | 12.8
Translocations | 2 3 |  3.0
Evocations     | 4 |  4.1
Fighting       | 3 |  3.0
Throwing       | |  1.7
Dodging        | |  3.2

Action                   |  1- 3 |  4- 6 |  7- 9 || total
-------------------------+-------+-------+-------++-------
Melee: War axe           |    52 |       |    26 ||    78
       Spear             |    29 |    90 |   210 ||   329
       Flail             |       |       |    15 ||    15
Throw: Dart              |    13 |       |       ||    13
       Boomerang         |       |     2 |    10 ||    12
 Cast: Apportation       |       |    11 |    33 ||    44
 Abil: Heal Wounds       |       |       |     5 ||     5
Evoke: Wand              |       |       |    22 ||    22
  Use: Potion            |     1 |     3 |    10 ||    14
       Scroll            |       |     5 |    10 ||    15
 Stab: Invisible         |       |       |     1 ||     1
       Sleeping          |       |       |     4 ||     4
Armor: Leather armour    |     6 |       |       ||     6
       Ring mail         |     9 |    14 |    70 ||    93
Dodge: Dodged            |    49 |    35 |   104 ||   188

Table legend: (Time is in decaauts)
 A = Elapsed time spent in this place.
 B = Non-inter-level travel time spent in this place.
 C = Inter-level travel time spent in this place.
 D = Time resting spent in this place.
 E = Time spent auto-exploring this place.
 F = Levels seen in this place.
 G = Mean time per level.
                   A        B        C        D        E       F      G
               +--------+--------+--------+--------+--------+-----+--------+
         Total |   4018 |   3924 |     94 |      0 |      0 |   9 |  446.4 |
       Dungeon |   3986 |   3892 |     94 |      0 |      0 |   8 |  498.2 |
        Temple |     31 |     31 |      0 |      0 |      0 |   1 |   31.0 |
               +--------+--------+--------+--------+--------+-----+--------+

Top non-repeatable levels by time:
     D:4: 642 daAuts
     D:6: 628 daAuts
     D:7: 569 daAuts
     D:5: 545 daAuts
     D:3: 472 daAuts
     D:2: 459 daAuts
     D:1: 395 daAuts
     D:8: 273 daAuts
  Temple: 31 daAuts

Table legend:
 A = Kills in this place as a percentage of kills in entire the game.
 B = Kills by you in this place as a percentage of kills by you in the entire game.
 C = Kills by friends in this place as a percentage of kills by friends in the entire game.
 D = Other kills in this place as a percentage of other kills in the entire game.
 E = Experience gained in this place as a percentage of experience gained in the entire game.
 F = Experience gained in this place divided by the number of levels of this place that you have seen.
                   A       B       C       D       E      F
               +-------+-------+-------+-------+-------+----------------------
         Total | 100.0 | 100.0 |   N/A |   N/A | 100.0 | 422.1
       Dungeon | 100.0 | 100.0 |   N/A |   N/A | 100.0 | 474.9
               +-------+-------+-------+-------+-------+----------------------
